 Dungeon Crawl Stone Soup version 0.29-a0-653-gd47aff6735 (webtiles) character file.

Game seed: 14082774099381647022

311 lesaewzxc the Covered (level 7, -21/60 HPs)
             Began as a Meteoran Fighter on June 18, 2022.
             Killed from afar by Ijyb (27 damage)
             ... with a bolt of dispelling energy
             ... on level 4 of the Dungeon on June 21, 2022.
             The game lasted 00:13:29 (2165 turns).

lesaewzxc the Covered (Meteoran Fighter)            Turns: 2165, Time: 00:13:30

Health: -21/60     AC:  8    Str: 18    XL:     7   Next: 2%
Magic:  8/8        EV: 10    Int:  9    God:
Gold:   146        SH:  7    Dex: 16    Spells: 6/6 levels left

rFire   . . .      SeeInvis .   j - +2 trident (freeze)
rCold   . . .      Faith    .   m - +2 buckler
rNeg    . . .      Spirit   .   b - +0 scale mail
rPois   .          Reflect  .   (no helmet)
rElec   .          Harm     .   (no cloak)
rCorr   .          Rampage  .   (no gloves)
Will    .....                   g - +0 pair of boots
Stlth   ..........              (no amulet)
HPRegen 0.20/turn               (no ring)
MPRegen 0.11/turn               (no ring)

@: lethally poisoned (-21 -> -29), glowing
A: sense surroundings 1, otherworldly, glowing, explore regen
a: no special abilities


You were on level 4 of the Dungeon.
You visited 1 branch of the dungeon, and saw 4 of its levels.
You also visited: Sewer.

You collected 170 gold pieces.
You spent 24 gold pieces at shops.

Inventory:

Hand Weapons
 h - a +1 hand axe of holy wrath
 j - a +2 trident of freezing (weapon)
Armour
 b - a +0 scale mail (worn)
 g - a +0 pair of boots (worn)
 m - a +2 buckler (worn)
Scrolls
 k - 2 scrolls of teleportation
 l - a scroll of fear
 q - a scroll of identify
Potions
 d - a potion of flight
 e - 2 potions of brilliance
 f - a potion of degeneration {unknown}
 i - 2 potions of resistance
 o - a potion of haste
 p - a potion of cancellation


   Skills:
 * Level 4.6 Fighting
 - Level 0.5(2.2) Axes
 + Level 3.6 Polearms
 * Level 5.2 Armour
 * Level 3.4 Dodging
 + Level 4.4 Shields


You had 6 spell levels left.
You didn't know any spells.
Your spell library contained the following spells:

 Spells                   Type           Power      Damage    Failure   Level
 Shock                    Conj/Air       0%         1d3       83%         1
 Swiftness                Air            0%         N/A       99%         3
 Airstrike                Air            0%         N/A       100%        4


Dungeon Overview and Level Annotations

Branches:
Dungeon (4/15) Zot: 494     Sewer (visited)
 Temple: D:4-7

Altars:
Fedhas

Shops:
D:1 ?

Annotations:
D:4 Ijyb


Innate Abilities, Weirdness & Mutations

You passively map a small area around you.
You are easily found by Zot.
You glow in the dark.
You regain HP and MP as you explore.


Message History

Read: 2 scrolls of fear
Press: ? - help, Q - select action, (/) - cycle Dir - look around, f - activate
As you read the scroll of fear, it crumbles to dust.
You assume a fearsome visage.
Ijyb looks frightened!
The hobgoblin looks frightened!
The gnoll shaman looks frightened!
The gnoll looks frightened!
The hobgoblin gives up.
You feel yourself speed up.
Found a potion of might.
You see here a potion of might.
You strike the helpless Ijyb from behind!
You puncture Ijyb! You freeze Ijyb.
Your attack snaps Ijyb out of her fear.
Ijyb is heavily wounded.
Ijyb zaps a wand.
The bolt of dispelling energy misses you.
You hit Ijyb. You freeze Ijyb.
Ijyb is heavily wounded.
Ijyb hits you with a +0 dagger of venom.
You completely miss Ijyb.
Ijyb is heavily wounded.
Ijyb zaps a wand.
The bolt of dispelling energy hits you!!
Your magical effects are unravelling.
* * * LOW HITPOINT WARNING * * *
You hit Ijyb. You freeze Ijyb.
Ijyb is severely wounded.
You feel yourself slow down.
You hit Ijyb. You freeze Ijyb.
Ijyb is severely wounded.
Ijyb hits you with a +0 dagger of venom.
* * * LOW HITPOINT WARNING * * *
You are lethally poisoned!
You closely miss Ijyb.
Ijyb is severely wounded.
* * * LOW HITPOINT WARNING * * *
You feel very sick. Ijyb closely misses you.
Ijyb zaps a wand.
The bolt of dispelling energy hits you!!
You die...

............†.....#
#.....#.#*
..................#
#.....#.g#
..................#
#.....##.#
........^##########
#.....##..
.........############
#[........
###########.........#
#......... #.........#
###.......
#.........######.......
#....g@!...............
#......................
#...#############..).).
#.. ≈ ≈ ≈ ≈ ≈#...... #.
, ≈ ≈ ####### # , ≈ ≈
** ≈ ,, , , ≈ , ,


You could see Ijyb.

Vanquished Creatures
  A kobold brigand (Sewer)
  A hound (D:4)
  2 jellies (D:3)
  A gnoll (D:4)
  3 adders
  3 river rats (Sewer)
  2 worms
  5 orcs
  4 bats
  6 endoplasms
  3 giant cockroaches
  9 hobgoblins
  3 jackals (D:2)
  A quokka (D:3)
  15 ball pythons
  3 goblins
  9 kobolds
  8 rats
79 creatures vanquished.

Vanquished Creatures (others)
  A fungus (D:3)
  4 plants (D:3)
5 creatures vanquished.

Grand Total: 84 creatures vanquished

Notes
Turn   | Place    | Note
-------+----------+-------------------------------------------
     0 | D:1      | lesaewzxc the Meteoran Fighter began the quest for the Orb.
     0 | D:1      | Reached XP level 1. HP: 19/19 MP: 2/2
   122 | D:1      | Reached XP level 2. HP: 23/26 MP: 3/3
   254 | D:1      | Found Utaff's Magic Scroll Emporium.
   259 | D:1      | Bought a scroll of identify for 24 gold pieces
   301 | D:1      | Reached skill level 4 in Armour
   320 | D:1      | Reached XP level 3. HP: 19/31 MP: 4/4
   681 | D:2      | Reached skill level 1 in Dodging
   928 | D:3      | Reached XP level 4. HP: 37/40 MP: 5/5
   942 | D:3      | Reached XP level 5. HP: 27/46 MP: 6/6
  1114 | D:3      | Found a glowing drain.
  1153 | Sewer    | Entered a sewer
  1212 | Sewer    | Reached XP level 6. HP: 47/52 MP: 7/7
  1236 | Sewer    | Reached skill level 5 in Armour
  1274 | Sewer    | Upgraded the game from 0.29-a0-620-g13ace881f2 to
                  | 0.29-a0-643-ga013cefcf8
  1571 | D:3      | Found a blossoming altar of Fedhas.
  2005 | D:4      | Upgraded the game from 0.29-a0-643-ga013cefcf8 to
                  | 0.29-a0-653-gd47aff6735
  2111 | D:4      | Noticed Ijyb
  2126 | D:4      | Paralysed by a gnoll shaman for 2 turns
  2133 | D:4      | Reached XP level 7. HP: 52/60 MP: 8/8
  2141 | D:4      | Paralysed by a gnoll shaman for 3 turns
  2165 | D:4      | Killed from afar by Ijyb

Illustrated notes

Levels and vault maps discovered:
D:1:      nagdon_arrival_zigzag_paths, layout_basic, serial_shops,
          nicolae_shop_hallway_plus, shapermc_ecumenical_altar_mp_urbaneastern
D:2:      layout_rooms
D:3:      layout_rooms, fedhas_altar_3, cheibrodos_sewer_entry_drain
D:4:      layout_basic, minmay_temple_entry_poolview, uniq_ijyb, uniq_natasha

Skill      XL: |  1  2  3  4  5  6 |
---------------+-------------------+-----
Armour         | 4 5 |  5.2
Dodging        | 1 2 3 |  3.4
Fighting       | 4 |  4.6
Polearms       | 3 |  3.6
Shields        | 4 |  4.4
Axes           | |  0.5

Action                   |  1- 3 |  4- 6 |  7- 9 || total
-------------------------+-------+-------+-------++-------
Melee: Trident           |    73 |   143 |    15 ||   231
       Hand axe          |    43 |       |       ||    43
  Use: Scroll            |     2 |    12 |     1 ||    15
       Potion            |     1 |     3 |     1 ||     5
 Stab: Fleeing           |       |       |     1 ||     1
Armor: Scale mail        |    69 |    69 |     5 ||   143
Dodge: Dodged            |    49 |    56 |     6 ||   111
Block: Buckler           |    33 |    41 |     3 ||    77

Table legend: (Time is in decaauts)
 A = Elapsed time spent in this place.
 B = Non-inter-level travel time spent in this place.
 C = Inter-level travel time spent in this place.
 D = Time resting spent in this place.
 E = Time spent auto-exploring this place.
 F = Levels seen in this place.
 G = Mean time per level.
                   A        B        C        D        E       F      G
               +--------+--------+--------+--------+--------+-----+--------+
         Total |   2295 |   2295 |      0 |      0 |    764 |   5 |  459.0 |
       Dungeon |   1904 |   1904 |      0 |      0 |    660 |   4 |  476.0 |
         Sewer |    391 |    391 |      0 |      0 |    104 |   1 |  391.0 |
               +--------+--------+--------+--------+--------+-----+--------+

Top non-repeatable levels by time:
     D:3: 599 daAuts
     D:2: 488 daAuts
     D:1: 461 daAuts
   Sewer: 391 daAuts
     D:4: 354 daAuts
